Workbook
Name _: #REF!
Name _: #REF!
Name __: #REF!
Name ___AFC1: [1]INV!$A$25:$D$28
Name ___AFC3: [1]INV!$F$25:$I$28
Name ___AFC5: [1]INV!$K$25:$N$28
Name ___BGC1: [1]INV!$A$5:$D$8
Name ___BGC3: [1]INV!$F$5:$I$8
Name ___BGC5: [1]INV!$K$5:$N$8
Name ___CAC1: [1]INV!$A$19:$D$22
Name ___CAC3: [1]INV!$F$19:$I$22
Name ___CAC5: [1]INV!$K$19:$N$22
Name ___EST1: #REF!
Name ___EST10: #REF!
Name ___EST11: #REF!
Name ___EST12: #REF!
Name ___EST13: #REF!
Name ___EST14: #REF!
Name ___EST15: #REF!
Name ___EST16: #REF!
Name ___EST17: #REF!
Name ___EST18: #REF!
Name ___EST19: #REF!
Name ___EST2: #REF!
Name ___EST3: #REF!
Name ___EST4: #REF!
Name ___EST5: #REF!
Name ___EST6: #REF!
Name ___EST7: #REF!
Name ___EST8: #REF!
Name ___EST9: #REF!
Name ___EXC1: #REF!
Name ___EXC10: #REF!
Name ___EXC11: #REF!
Name ___EXC12: #REF!
Name ___EXC2: #REF!
Name ___EXC3: #REF!
Name ___EXC4: #REF!
Name ___EXC5: #REF!
Name ___EXC6: #REF!
Name ___EXC7: #REF!
Name ___EXC8: #REF!
Name ___EXC9: #REF!
Name ___SBC1: [1]INV!$A$12:$D$15
Name ___SBC3: [1]INV!$F$12:$I$15
Name ___SBC5: [1]INV!$K$12:$N$15
Name __AFC1: [1]INV!$A$25:$D$28
Name __AFC3: [1]INV!$F$25:$I$28
Name __AFC5: [1]INV!$K$25:$N$28
Name __BGC1: [1]INV!$A$5:$D$8
Name __BGC3: [1]INV!$F$5:$I$8
Name __BGC5: [1]INV!$K$5:$N$8
Name __CAC1: [1]INV!$A$19:$D$22
Name __CAC3: [1]INV!$F$19:$I$22
Name __CAC5: [1]INV!$K$19:$N$22
Name __EST1: #REF!
Name __EST10: #REF!
Name __EST11: #REF!
Name __EST12: #REF!
Name __EST13: #REF!

Sheet SMMLV
A1: AÑO | B1: SMMLV
A2: 2024 | B2: 1300000
A3: 2023 | B3: 1160000
A4: 2022 | B4: 1000000
A5: 2021 | B5: 908526
A6: 2020 | B6: 877802
A7: 2019 | B7: 828116
A8: 2018 | B8: 781242 | D8: 21207214908 | E8: =D8*B9 -> 1.5644923e+16
A9: 2017 | B9: 737717 | D9: 28747.08
A10: 2016 | B10: 689454
A11: 2015 | B11: 644350
A12: 2014 | B12: 616000
A13: 2013 | B13: 589500 | F13: =D14*B9 -> 0
A14: 2012 | B14: 566700
A15: 2011 | B15: 535600
A16: 2010 | B16: 515000
A17: 2009 | B17: 496900
A18: 2008 | B18: 461500
A19: 2007 | B19: 433700
A20: 2006 | B20: 408000
A21: 2005 | B21: 381500
A22: 2004 | B22: 358000
A23: 2003 | B23: 332000
A24: 2002 | B24: 309000
A25: 2001 | B25: 286000
... A57: 1960 | B57: 198

Sheet General
A1: Proceso No. | B1: FNA-VGHA-CP-015-2024 | D1: Entidad: | E1: FONDO NACIONAL DEL AHORRO
A2: Objeto: | B2: REALIZAR LAS REPARACIONES LOCATIVAS DE LA INFRAESTRUCTURA FÍSICA DE LA SEDE PRINCIPAL - CNA DEL FONDO NACIONAL DEL AHORRO S.A.
H3: Presupuesto: | I3: 5282931966
H4: Presupuesto Oficial en SMMLV | I4: =I3/I7 -> 4063.7938
H6: Año de revisión de documentos | I6: 2024
H7: SMMLV del año del proceso | I7: 1300000
H8: Fecha cierre | I8: 45643

Sheet Directorio
B1: No. | C1: TIPO DE PROCESO CD, SB. CP, CPA | D1: NOMBRE DEL OFERENTE | E1: NIT | F1: NOMBRE COMPLETO | G1: INTEGRANTES DEL CONSORCIO O DE LA UNIÓN TEMPORAL | P1: INTEGRANTES DEL CONSORCIO O DE LA UNIÓN TEMPORAL | Y1: INTEGRANTES DEL CONSORCIO O DE LA UNIÓN TEMPORAL | AH1: Socios Integrante 1 | AT1: Socios Integrante 2 | BF1: Socios Integrante 3
F2: ="("&#REF!&": "&G2&" "&TEXT(H2,"##0,00%")&" - "&I2&" "&TEXT(J2,"##0,00%")&" - "&K2&" "&TEXT(L2,"##0,00%")&")" -> #REF! | G2: Integrante 1 | H2: % Int. 1 | I2: NIT O CEDULA DE CIUDADANÍA | J2: Integrante 2 | K2: % Int. 2 | L2: NIT O CEDULA DE CIUDADANÍA | M2: INTEGRANTE 3 | N2: % Int. 3 | O2: NIT O CEDULA DE CIUDADANÍA | P2: Integrante 4 | Q2: % Int. 4 | R2: NIT O CEDULA DE CIUDADANÍA | S2: Integrante 5 | T2: % Int. 5 | U2: NIT O CEDULA DE CIUDADANÍA | V2: INTEGRANTE 6 | W2: % Int. 6 | X2: NIT O CEDULA DE CIUDADANÍA | Y2: Integrante 7 | Z2: % Int. 7 | AA2: NIT O CEDULA DE CIUDADANÍA | AB2: Integrante 8 | AC2: % Int. 8 | AD2: NIT O CEDULA DE CIUDADANÍA | AE2: INTEGRANTE 9 | AF2: % Int. 9 | AG2: NIT O CEDULA DE CIUDADANÍA | AH2: Socio 1 | AJ2: Socio 2 | AL2: Socio 3 | AN2: Socio 4 | AP2: Socio 5 | AR2: Socio 6 | AT2: Socio 1 | AV2: Socio 2 | AX2: Socio 3 | AZ2: Socio 4 | BB2: Socio 5 | BD2: Socio 6 | BF2: Socio 1 | BH2: Socio 2 | BJ2: Socio 3 | BL2: Socio 4 | BN2: Socio 5 | BP2: Socio 6
F3: ="("&G3&" "&TEXT(H3,"##0,00%")&" - "&I3&" "&TEXT(J3,"##0,00%")&" - "&K3&" "&TEXT(L3,"##0,00%")&")" -> ( 0,00% - 0,00% - 0,00%) | AH3: Nombre | AI3: C. de Ciudadanía | AJ3: Nombre | AK3: C. de Ciudadanía | AL3: Nombre | AM3: C. de Ciudadanía | AN3: Nombre | AO3: C. de Ciudadanía | AP3: Nombre | AQ3: C. de Ciudadanía | AR3: Nombre | AS3: C. de Ciudadanía | AT3: Nombre | AU3: C. de Ciudadanía | AV3: Nombre | AW3: C. de Ciudadanía | AX3: Nombre | AY3: C. de Ciudadanía | AZ3: Nombre | BA3: C. de Ciudadanía | BB3: Nombre | BC3: C. de Ciudadanía | BD3: Nombre | BE3: C. de Ciudadanía | BF3: Nombre | BG3: C. de Ciudadanía | BH3: Nombre | BI3: C. de Ciudadanía | BJ3: Nombre | BK3: C. de Ciudadanía | BL3: Nombre | BM3: C. de Ciudadanía | BN3: Nombre | BO3: C. de Ciudadanía | BP3: Nombre | BQ3: C. de Ciudadanía
B4: 1 | C4: FNA-VGHA-CP-015-2024 | D4: CONSORCIO OMNIA | F4: (CONSORCIO OMNIA: CONSORCIO OMNIA 000% - 000% - 000%) | G4: GESTIÓN RURAL Y URBANA S.A.S. | H4: 0.33 | I4: 830.128.894-1 | J4: REDES, CONSTRUCCIONES E INGENIERIA S.A.S. | K4: 0.33 | L4: 901.148.446-6 | M4: INGINIUS S.A.S. | N4: 0.34 | O4: 901.125.443-5
B5: 2 | C5: FNA-VGHA-CP-015-2024 | D5: INGEBYP SAS - FNA | E5: 830121507-2 | F5: (INGEBYP SAS - FNA: INGEBYP SAS - FNA 100% - 000% - 000%) | G5: INGEBYP SAS - FNA | H5: 1
B6: 3 | C6: FNA-VGHA-CP-015-2024 | D6: CONSORCIO 2024 FNA | F6: (CONSORCIO 2024 FNA: CONSORCIO 2024 FNA 70% - 30%) | G6: MARTINEZ OSPINA S.A.S. | H6: 0.7 | I6: 900.105.523-7 | J6: JORGE ENRIQUE MARTINEZ FONSECA | K6: 0.3 | L6: 19169883
B7: 4 | C7: FNA-VGHA-CP-015-2024 | D7: CONSORCIO FONDO NACIONAL | F7: (CONSORCIO FONDO NACIONAL: GCI GRUPO DE CONSTRUCCIONES E INGENIERIA SAS ZOMAC 060% - INDUSTRIA Y TRANSPORTE SAS ZESE - INTRASP SAS ZESE 030% - GEOESTRUCTURAL E INGENIERIA SAS 010%) | G7: GCI GRUPO DE CONSTRUCCIONES E INGENIERIA SAS ZOMAC | H7: 0.6 | I7: 901340726-5 | J7: INDUSTRIA Y TRANSPORTE SAS ZESE - INTRASP SAS ZESE | K7: 0.3 | L7: 901598212-1 | M7: GEOESTRUCTURAL E INGENIERIA SAS | N7: 0.1 | O7: 901490779-8
B8: 5 | C8: FNA-VGHA-CP-015-2024 | D8: UNINGECOL SA | E8: 900.176.059-4 | F8: (UNINGECOL SA: UNINGECOL SA 100%) | G8: UNINGECOL SA
B9: 6 | C9: FNA-VGHA-CP-015-2024 | D9: CONSTRUCCION Y MANTENIMIENTO CASTILLA Y LEON G&G SDAD LTDA | E9: 830108787-4 | F9: (CASTILLA Y LEON: CASTILLA Y LEON 000% - 000% - 000%) | G9: CASTILLA Y LEON
B10: 7 | C10: FNA-VGHA-CP-015-2024 | D10: INSOL | E10: 900139747-6 | F10: (INSOL: INSOL 000% - 000% - 000%) | G10: INSOL | H10: 1
B11: 8 | C11: FNA-VGHA-CP-015-2024 | D11: DIARQCO CONSTRUCTORES S.A.S. | E11: 900185357-2 | F11: (DIARQCO CONSTRUCTORES S.A.S.: DIARQCO CONSTRUCTORES S.A.S. 000% - 000% - 000%) | G11: DIARQCO CONSTRUCTORES S.A.S.
B12: 9 | C12: FNA-VGHA-CP-015-2024 | D12: UT AMF-ELATIN | F12: (UT AMF-ELATIN: UT AMF-ELATIN 000% - 000% - 000%) | G12: ELATIN SAS | H12: 0.99 | I12: 900424944-2 | J12: Armando Marulanda Fernandez | K12: 0.01 | L12: 14565656-7
B13: 10 | C13: FNA-VGHA-CP-015-2024 | D13: LIMACOR MY S.A.S. | E13: 900.126.632-1 | F13: (LIMACOR MY S.A.S.: LIMACOR MY S.A.S. 000% - 000% - 000%) | G13: LIMACOR MY S.A.S. | H13: 1 | I13: 900.126.632-1

Sheet Exp. Proponente
A1: =General!B2 -> REALIZAR LAS REPARACIONES LOCATIVAS DE LA INFRAESTRUCTURA FÍSICA DE LA SEDE PRINCIPAL - CNA DEL FONDO NACIONAL DEL AHORRO S.A.
A2: =General!B1 -> FNA-VGHA-CP-015-2024
A3: =+General!B3 -> 0
A4: 4.1.2.1. EXPERIENCIA MÍNIMA HABILITANTE
A5: # Contratos | B5: Propietario o Entidad Contratante | D5: Objeto / Obligaciones / Actividades | F5: Fecha Finalización a la fecha de cierre del proceso de selección | G5: Valor Contrato us$ | H5: TRM (Si aplica) | I5: en conjunto, la totalidad de las siguientes actividades de mantenimiento y/o reparaciones locativas y/o remodelación y/o adecuación y/o ampliación y/o construcción y/o rehabilitación y/o mejoramiento | J5: PRESUPUESTO TOTAL | L5: igual o superior 100% POE en SMMLV | M5: RUP | N5: Hoja1!B3
A6: MAX 3 | B6: personas jurídicas del sector privado, los certificados de contratos deberán allegarse con copia de este y/o su respectiva acta de liquidación y/o documentos que demuestren ejecución debida. | D6: objetos contractuales o alcances u obligaciones comprendan actividades de mantenimiento y/o reparaciones locativas y/o remodelación y/o adecuación y/o ampliación y/o construcción y/o rehabilitación y/o mejoramiento de edificaciones institucionales o empresariales o corporativas o comerciales. (no será válida edificaciones con destinación habitacional o residencial) | F6: =+General!I8-(365*10) -> 41993 | I6: • Estructuras o Redes hidráulicas • Redes eléctricas • Baterías sanitarias • Sistemas livianos de construcción • Pintura interior y/o exterior. • Cubiertas | J6: =General!I3 -> 5282931966 | L6: =General!I4 -> 4063.7938 | M6: Vigente y en firme | N6: como mínimo seis (06) de los siguientes códigos UNSPSC:
A7: # | B7: Contratante | C7: % Part Ejecución | D7: Contratista | E7: Objeto | F7: Fecha Finalización | G7: Valor Contrato us$ | H7: TRM (Si aplica) | I7: Actividades | J7: Valor Contrato | K7: SMMLV para Cálculo | L7: Valor Contrato en SMMLV | M7: Inscripción en el RUP | N7: Código UNSPSC | O7: CUMPLE/ NO CUMPLE | P7: Observaciones
A9: No. | B9: 1 | C9: OFERENTE: | D9: =VLOOKUP(B9,Directorio!$B$4:$O$9,3,FALSE) -> CONSORCIO OMNIA | O9: RESULTADO DE LA VERIFICACIÓN DOCUMENTAL | P9: =+L15 -> CUMPLE
A10: # | B10: Contratante | C10: % Part Ejecución | D10: Contratista | E10: Objeto | F10: Fecha Finalización | G10: Valor Contrato us$ | H10: TRM (Si aplica) | I10: Actividades | J10: Valor Contrato | K10: SMMLV para Cálculo | L10: Valor Contrato en SMMLV | M10: Inscripción en el RUP | N10: Código UNSPSC | O10: CUMPLE/ NO CUMPLE | P10: Observaciones
A11: 1 | B11: CONSORCIO AEO | C11: 1 | D11: CONSORCIO OMNIA | E11: MANTENIMIENTO GENERAL RECURRENTE DE LA INFRAESTRUCTURA FISICA EN LOS ESTABLECIMIENTOS PENITENCIARIOS Y CARCELARIOS A CARGO DEL INPEC - FASE 1 GRUPO 3 REGIONAL ORIENTE | F11: 45271 | I11: • Instalación de redes Hidrosantiarias, • Tubería PVCP 1/2" RDE 9, instalada subterránea y/o a nivel y/o en alturas hasta 10,00 m. • Tubería PVCS 3", instalada subterránea y/o a nivel y/o en alturas hasta 10,00 m • Prueba de red hidráulica con flauta en cobre y manómetro • Pintura vinilo 100% acrílica plástica mate, con altos sólidos, de alta calidad con máxima protección para intemperie; alta elasticidad, hidrorrepelente; resistente a algas, hongos, adhesión de suciedad, álcali y humos; • Esmalte sintético alquídico a base de aceite sobre Puertas metálicas, tres (3) capas aplicadas con pistola sobre la totalidad de las caras vistas de hoja y marco, • Suministro e instalacion de cubierta tipo Termosteel Maxter, 6,0 x 0,9 m. Incluye trabajo en alturas, • Suministro y ejecución de divisiones en panelería liviana acabado una (1) cara fabricadas en sistema drywall • frescasa, perfilería galvanizada CR. base 9 cal.26, estructura anclada muros y estructura con chazo • Red eléctrica Trifásica en Cable de Cu en 4 x N° 10 AWG (3 Fases + 1 Neutro) + 1 x N° 12T AWG LS-HFFR° • Suministro e instalacion de Tablero Trifasico de Distribución de 30 Circuitos con espacio para totalizador • Suministro e Instalación de luminaria E27, Incluye roseta, luminaria ahorradora de energía 25W | J11: 3055788000 | K11: =IF(F11>0,VLOOKUP(YEAR(F11),SMMLV!A:B,2,FALSE),0) -> 1160000 | L11: =IF(AND(F11>=$F$6,K11>0),J11/K11*C11,0) -> 2634.3 | M11: 27 | N11: 72101500 72152300 72152400 72153000 72153200 72103300 | O11: CUMPLE | P11: Se aclara que la certificación es de Redes de construcciones e Ingenieria que corresponde a uno de los consorciados con una participación del 33% . De acuerdo al la propuesta presentada por el oferente en la constitución consorcial. Una vez revisada la información de la experiencia, se puede evidenciar que en el FORMATO N°. 6 EXPERIENCIA ESPECÍFICA DEL OFERENTE se relaciona el valor del contrato por la suma de $3,055,788,000, mientras que en el documento de certificación de contrato expedido por una empresa privada el 15 de diciembre de 2023 se dispone que el valor del contrato es la suma de $3,055,788,000, el cual coincide con el valor ejecutado descrito en el acta de liquidación del contrato. Así las cosas este valor expresado en SMMLV corresponde a 2,634,30
A12: 2 | B12: CONSEJO SUPERIOR DE LA JUDICATURA DIRECCIÓN EJECUTIVA DE ADMINISTRACIÓN JUDICIAL | C12: 1 | D12: CONSORCIO OMNIA | E12: REALIZAR LAS OBRAS DE CONSTRUCCIÓN DE LA SEDE DE LOS DESPACHOS JUDICICALES DE LOS PATIOS - NORTE DE SANTANDER | F12: 44721 | I12: Las actividades se desarrollaron dentro del componente de obra civil, enunciadas a continuación: Cerramientos, Demoliciones, Excavaciones, Instalaciones Eléctricas, Cableado estructurado, Pintura, Muros Drywall, Mampostería, Cielo raso, enchape pisos, acabados en general, Impermeabilización Cubierta, Carpintería Metálica, vidrio aluminio y de madera, y mobiliario. | J12: 8106905679 | K12: =IF(F12>0,VLOOKUP(YEAR(F12),SMMLV!A:B,2,FALSE),0) -> 1000000 | L12: =IF(AND(J12>=$F$6,K12>0),J12/K12*C12,0) -> 8106.9057 | M12: 183 | N12: 72153000 72153200 72103300 72152500 80101600 81101500 | O12: CUMPLE | P12: Se aclara que la certificación es de Gestión Rural y Urbana SAS que corresponde a uno de los consorciados con una participación del 33% .De acuerdo al la propuesta presentada por el oferente en la constitución consorcial. Una vez revisada la información de la experiencia, se puede evidenciar que en el FORMATO N°. 6 EXPERIENCIA ESPECÍFICA DEL OFERENTE se relaciona el valor del contrato por la suma de $8,106,905,679, mientras que en el documento de certificación de contrato expedido por una empresa estatal el 27 de diciembre de 2022 se dispone que el valor del contrato es la suma de $8,106,905,679, el cual coincide con el valor ejecutado descrito en el acta de liquidación del contrato. Así las cosas este valor expresado en SMMLV corresponde a 8,106,91
A13: 3 | B13: CONSTRUCTORA J&V JIMENES Y CIA LTDA | C13: 1 | D13: CONSORCIO OMNIA | E13: OBRAS DE MANTENIMIENTO PARA LA SEGUNDA FASE DE REDES HIDROSANITARIAS Y RED CONTRAINCENDIO DEL ESPHA HOSPITAL CENTRAL POR LA MODALIDAD DE PRECIOS UNITARIOS FIJOS SIN FÓRMULA DE REAJUSTE | F13: 44135 | I13: Red General de suminstro de agua fría presión Puntos hidráulicos agua fria Red General de suminstro de agua caliente presión Arreglo de cielo raso modulado, incluye suministro de piezas nuevas Suministro y aplicación de Pintura vinilo tipo 1 dos manos sobre Pañete liso Sobre muros 1:4, de hasta 3 cm, incluye filos y dilataciones. Incluye Mano de Obra, Materiales, herramientas y equipos para su correcta instalación. Suministro e instalación de cielo raso en PVC M2 434.57 $ 36,326.50 $ 15,786,407 ARQ 10.25 Suministro y | J13: 803056800 | K13: =IF(F13>0,VLOOKUP(YEAR(F13),SMMLV!A:B,2,FALSE),0) -> 877802 | L13: =IF(AND(J13>=$F$6,K13>0),J13/K13*C13,0) -> 914.84959 | M13: 1 | N13: 72152200 72152300 72152500 72151500 72151900 72152000 | O13: CUMPLE | P13: Se aclara que la certificación es de INGENIUS que corresponde a uno de los consorciados con una participación del 34% . De acuerdo al la propuesta presentada por el oferente en la constitución consorcial. Una vez revisada la información de la experiencia, se puede evidenciar que en el FORMATO N°. 6 EXPERIENCIA ESPECÍFICA DEL OFERENTE se relaciona el valor del contrato por la suma de $803,056,800 mientras que en el documento de certificación de contrato expedido por una empresa privada el 30 de noviembre de 2020 se dispone que el valor del contrato es la suma de $803,056,800 el cual coincide con el valor ejecutado descrito en el acta de recibo final del contrato. Así las cosas este valor expresado en SMMLV corresponde a 914,85
L14: =SUM(L11:L13) -> 11656.055
L15: CUMPLE
A17: No. | B17: 2 | C17: OFERENTE: | D17: =VLOOKUP(B17,Directorio!$B$4:$O$9,3,FALSE) -> INGEBYP SAS - FNA | O17: RESULTADO DE LA VERIFICACIÓN DOCUMENTAL | P17: =+L23 -> CUMPLE
A18: # | B18: Contratante | C18: % Part Ejecución | D18: Contratista | E18: Objeto | F18: Fecha Finalización | G18: Valor Contrato us$ | H18: TRM (Si aplica) | I18: Actividades | J18: Valor Contrato | K18: SMMLV para Cálculo | L18: Valor Contrato en SMMLV | M18: Inscripción en el RUP | N18: Código UNSPSC | O18: CUMPLE/ NO CUMPLE | P18: Observaciones
A19: 1 | B19: SECRETARIA DE EDUCACION DISTRITAL | C19: 0.5 | D19: CONSORCIO CLB CONSTRUCCIONES (CONSTRUCTORA LANDA S.A.S y INGEBYP S.A.S) | E19: EJECUCIÓN DE LA CONSTRUCCION DE LA NUEVA PLANTA FISICA Y CERRAMIENTO EN EL PREDIO DENOMINADO SIERRA MORENA PARQUE, UBICADO EN LA LOCALIDAD 19 – CIUDAD BOLIVAR DEL DISTRITO CAPITAL, DE ACUERDO CON LOS PLANOS Y ESPECIFICACIONES ENTREGADOS POR SECRETARIA DE EDUCACION DEL DISTRITO. | F19: 44260 | I19: Construcción de mampostería, mampostería liviana, red agua potable, puntos hidráulicos, instalaciones sanitarias, entre otros. | J19: 27344355409 | K19: =IF(F19>0,VLOOKUP(YEAR(F19),SMMLV!A:B,2,FALSE),0) -> 908526 | L19: =IF(AND(J19>=$F$6,K19>0),J19/K19*C19,0) -> 15048.747 | M19: 99 | N19: 72102900-72152000-72152300-72153000-72153500-72153200 | O19: CUMPLE | P19: Una vez revisada la información se evidencia el documento: "1 CERTIFICACION CONSORCIO CLB CONSTRUCCIONES AREAS" donde se observa la participación un contrato para la ejecución de la construcción y cerramiento del parque sierra morena, suscrito a nombre de CONSORCIO CLB CONSTRUCCIONES por un valor total de $ 27.344,355,409, conformado por INGEBYP SAS, con una participación del 50% y CONSTRUCTORA LANDA SAS con una participación del 50%, correspondiendo a $ 13,672,176,100. Así las cosas este valor expresado en SMMLV corresponde a 15,048,75 Por otra parte en el documento "RUP INGEBYP NOV_1" se realizó la revisión para corroborar el valor en SMMLV y el consecutivo del reporte del contrato en El RUP localizado en la página 344. Encontrando coherencia en la información aportada.
A20: 2 | B20: DIRECCIÓN ADMINISTRATIVA Y FINANCIERA DE LA POLICÍA NACIONAL | C20: 1 | D20: INGEBYP S.A.S | E20: MANTENIMIENTO INSTALACIONES CENTRO AUTOMÁTICO DE DESPACHO C.A.D LA POLICÍA METROPOLITANA DE BOGOTÁ, A PRECIOS UNITARIOS FIJOS SIN FÓRMULA DE REAJUSTE Y SUMINISTRO E INSTALACIÓN DE MOBILIARIO. | F20: 42165 | I20: Demolición mampostería o placa existente, acabado de pisos, carpinteria metálica y en madera, sistema hidrosanitario, instalaciones eléctricas suministro e instalación. entre otros. | J20: 605804855 | K20: =IF(F20>0,VLOOKUP(YEAR(F20),SMMLV!A:B,2,FALSE),0) -> 644350 | L20: =IF(AND(F20>=$L$6,J20>0),J20/K20*C20,0) -> 940.1798 | M20: 88 | N20: 72103300-72151100-72151900-72152000-72152100-81101500 | O20: CUMPLE | P20: Una vez revisada la información se evidencia el documento: "2 CERTIFICACION" donde se observa un contrato para el "Mantenimiento de las Instalaciones Centro automático de despacho C.A.D de la Policía Metropolitana de Bogotá", suscrito a nombre de INGEBYP S.A.S. por un valor total de $ 605.804.855. Así las cosas este valor expresado en SMMLV corresponde a 940,18 Por otra parte para certificar el valor y el consecutivo del reporte del contrato se pudo encontrar en el documento "RUP INGEBYP NOV_1" donde se encuentra El RUP localizado en la página 294. Encontrando coherencia en la información aportada.
A21: 3 | B21: SECRETARIA DE EDUCACION DISTRITAL | C21: 0.5 | D21: CONSORCIO BCL CONSTRUCCIONES (CONSTRUCTORA LANDA S.A.S y INGEBYP S.A.S) | E21: Ejecución de obra nueva para el colegio la felicidad, de la localidad 9 Fontibón, identificado con el CPF 925 de acuerdo con los planos y especificaciones entregados por la Secretaría de Educación del Distrito | F21: 42950 | I21: Ejecución de actividades como cimentaciones,desagues,mamposteria, Instalaciones hidrosanitarias, pañetes, pisos, zocalos, carpinteria, enchapes, iluminación, instalaciones de red hidraulica y contraincendios, paruqueaderos, andenes y rampas de acceso. entre otros. | J21: 21207214785 | K21: =IF(F21>0,VLOOKUP(YEAR(F21),SMMLV!A:B,2,FALSE),0) -> 737717 | L21: =IF(AND(F21>=$L$6,J21>0),J21/K21*C21,0) -> 14373.544 | M21: 92 | N21: 72103300-72151100-72101500-72102900-72152000-72152100 | O21: CUMPLE | P21: Una vez revisada la información se evidencia el documento: "3 CERTIFICACION COLEGIO LA FELICIDAD 2021 NSR" donde se observa la participación en un contrato suscrito a nombre de CONSORCIO BCL CONSTRUCCIONES por un valor total ejecutado de $ 21,207,214,785 conformado por INGEBYP SAS, con una participación del 50% y CONSTRUCTORA LANDA SAS. con una participación del 50%, correspondiendo a $10,603,607,393 así las cosas este valor expresado en SMMLV corresponde a 14,373,54 Para verificar el valor y el consecutivo del reporte del contrato, se revisó el documento "RUP INGEBYP NOV_1" en la página 311. Al comparar el valor ejecutado del contrato expresado en SMMLV en el RUP, con las certificaciones enviadas (ACTA DE AVANCE FINAL Y EL FORMATO 6), se identificó una inconsistencia. Los documentos enviados reflejan el valor total del contrato ($21,207,214,908) en lugar del valor total ejecutado ($ 21,207,214,785 ).
L22: =SUM(L19:L21) -> 30362.47
L23: CUMPLE
H24: =COUNTIF(#REF!,"Vo.Bo.") -> #REF!
A26: No. | B26: 3 | C26: OFERENTE: | D26: =VLOOKUP(B26,Directorio!$B$4:$O$9,3,FALSE) -> CONSORCIO 2024 FNA | O26: RESULTADO DE LA VERIFICACIÓN DOCUMENTAL | P26: RECHAZADO CAUSAL 1
A27: # | B27: Contratante | C27: % Part Ejecución | D27: Contratista | E27: Objeto | F27: Fecha Finalización | G27: Valor Contrato us$ | H27: TRM (Si aplica) | I27: Actividades | J27: Valor Contrato | K27: SMMLV para Cálculo | L27: Valor Contrato en SMMLV | M27: Inscripción en el RUP | N27: Código UNSPSC | O27: CUMPLE/ NO CUMPLE | P27: Observaciones
A28: 1 | B28: Instituto Distrital de Patrimonio Cultural | C28: 0.85 | D28: CONSORCIO CONCORDIA 2015 | E28: Ejecución de la primera etapa de obra, bajo la modalidad de precios unitarios fijos sin fórmula de reajuste, para la intervención de reforzamiento estructural de la Plaza de Mercado de La Concordia, la construcción de la Galería Santafé y su entorno inmediato, ubicada en la carrera 1 B# 14 - 62 (antigua) - carrera 1 B# 12C - 62 (nueva). De la ciudad de Bogotá D.C | F28: 43039 | I28: • Reforzamiento estructural • Restauración de mampostería. • Restauración de cerchas. • Cambio de manto de cubierta. • Construcción de la galería de arte Santafé. • Construcción de muros de contención. • Caisson. • Cimentación profunda con micropilotes y cimentación superficial con losa de subpresión conformada por vigas y placa de concreto. • Cerramiento de fachadas • Acabado piso de ladrillo cocido tipo adoquín pegado con mortero. | J28: 8000427403 | K28: =IF(F28>0,VLOOKUP(YEAR(F28),SMMLV!A:B,2,FALSE),0) -> 737717 | L28: =IF(AND(F28>=$L$6,J28>0),J28/K28*C28,0) -> 9218.1193 | M28: RUP JORGE ENRIQUE MARTÍNEZ FONSECA: 104 - RUP MARTÍNEZ OSPINA S.A.S.: 5 | N28: RUP MARTÍNEZ OSPINA S.A.S.: 72101500, 72102900, 72103300, 72151100, 72151500,72151900 y 72152300 - RUP JORGE ENRIQUE MARTÍNEZ FONSECA: 72151500, 72151900,72152300, 72152500, 72152700 y 72153600. | O28: CUMPLE | P28: La experiencia se acredita con un contrato suscrito entre el INSTITUTO DISTRITAL DE PATRIMONIO CULTURAL y el CONSORCIO CONCORDIA 2015, el cual a su vez estuvo compuesto por JORGE ENRIQUE MARTÍNEZ FONSECA, con un porcentaje de participación del 70% y MARTÍNEZ OSPINA S.A.S. con un porcentaje de participación de 15%, para un total de 85%. Las actividades del contrato pudieron ser validadas de acuerdo con la información contenida en la certificación emitida por la interventoría del contrato de obra llevada a cabo por el CONSORCIO SAN ANDRÉS IPC, puesto que los documentos de actividades y cantidades de obra aportados se tornan ilegibles.
A29: 2 | B29: FONDO FINANCIERO DE PROYECTOS DE DESARROLLO (FONADE) | C29: 0.51 | D29: CONSORCIO CONCORDIA 2014 | E29: EJECUCIÓN DE LAS OBRAS DE RESTAURACIÓN, REFORZAMIENTO, ADECUACIÓN Y MANTENIMIENTO DEL CLAUSTRO NUESTRA SEÑORA DE LAS AGUAS LOCALIZADA EN LA CIUDAD DE BOGOTA D.C.", de acuerdo con la descripción, especificaciones y demás condiciones establecidas en las Reglas de Participación, Adenda(s), los documentos e información técnica suministrada por FONADE y la oferta presentada por EL CONTRATISTA, todo lo cual hace parte integral del contrato. | F29: 43208 | I29: • Cimientos zona patrimonial • Estructura de refuerzo • Reforzamiento edificación patrimonial • Cubierta • Mampostería y pañetes. • Cielorrasos • Pisos y guarda escobas zona patrimonial. • Pintura • Enchapes en cerámica • Aparatos sanitarios. • Carpintería en madera y metálica. • Instalaciones hidrosanitarias. | J29: 13756718579 | K29: =IF(F29>0,VLOOKUP(YEAR(F29),SMMLV!A:B,2,FALSE),0) -> 781242 | L29: =IF(AND(F29>=$L$6,J29>0),J29/K29*C29,0) -> 8980.4778 | M29: 105 | N29: 72101500,72102900, 72103300, 72151100, 72151500 y 72151900. | O29: NO CUMPLE | P29: No se aportó certificación de contrato, sino el acta de liquidación del contrato. Sin embargo, el documento faltante es el que se requiere para acreditar la experiencia conforme a lo descrito en el punto 4.2.2.1 de las reglas de participación, el cual reza lo siguiente: “El oferente deberá acreditar su experiencia con máximo tres (3) certificaciones de contratos terminados o ejecutados o liquidados cuyos objetos contractuales o alcances u obligaciones comprendan actividades de mantenimiento y/o reparaciones locativas y/o remodelación y/o adecuación y/o ampliación y/o construcción y/o rehabilitación y/o mejoramiento de edificaciones institucionales o empresariales o corporativas o comerciales a la fecha de cierre del proceso de selección cuya sumatoria sea igual o superior al 100% del POE expresado en SMMLV.” No obstante, cuando el proponente pretenda suplir el requisito de aportar la certificación de contrato, deberá remitir copia del contrato y como anexo el acta de liquidación, conforme a lo contemplado en el numeral 11 del punto 4.2.3 de las Reglas de Participación: “11. Se acepta como equivalente a la certificación de cumplimiento de los contratos ejecutados, copia de estos, siempre que se acompañen con la respectiva acta de liquidación, o de recibo final y en ellos conste mínimamente la información requerida en los literales a) al h) del presente numeral”. En ese sentido, es claro que el proponente no aportó la certificación de contrato y tampoco remitió copia del contrato para suplir el requisito.
A30: 3 | B30: ALCALDÍA DE MANIZALES | C30: 0.6 | D30: CONSORCIO 2021 | E30: FASE I DE REFORZAMIENTO ESTRUCTURAL, RESTAURACIÓN INTEGRAL Y AMPLIACIÓN DEL INMUEBLE DENOMINADO CONCENTRACIÓN ESCOLAR JUAN XXIII DEL MUNICIPIO DE MANIZALES | F30: 45443 | I30: • Suministro, conformación e instalación elementos en madera para construcción. • Placa base para acabados de pisos baños conformada con placas de fibrocemento. • Pañete exterior impermeabilizado para recubrimiento de muros. • Suministro conformación e instalación elementos en madera para construcción de cercha compuesta en madera entre pórticos. • Conexión acometida hidráulica. • Construcción de sumideros. • Bajante de agua lluvia en tubería. • Suministro e instalación de luminaria LED. • Suministro e instalación de alimentador desde el medidor hasta el tablero de distribución. • Suministro e instalación de tablero de distribución general. | J30: 18539397541 | K30: =IF(F30>0,VLOOKUP(YEAR(F30),SMMLV!A:B,2,FALSE),0) -> 1300000 | L30: =IF(AND(F30>=$L$6,J30>0),J30/K30*C30,0) -> 8556.645 | M30: RUP JORGE ENRIQUE MARTÍNEZ FONSECA: 115 - RUP MARTÍNEZ OSPINA S.A.S.: 9. | N30: RUP JORGE ENRIQUE MARTÍNEZ FONSECA: 115 - 72101500, 72102900, 72103300, 72151100, 72151500 y 72151900 - RUP MARTÍNEZ OSPINA S.A.S.: 9 - 72101500, 72152000, 72102900, 72103300, 72151100 y 80101600. | O30: NO CUMPLE | P30: No se aportó certificación de contrato, sino el acta recibo final. Sin embargo, el documento faltante es el que se requiere para acreditar la experiencia conforme a lo descrito en el punto 4.2.2.1 de las reglas de participación, el cual reza lo siguiente: “El oferente deberá acreditar su experiencia con máximo tres (3) certificaciones de contratos terminados o ejecutados o liquidados cuyos objetos contractuales o alcances u obligaciones comprendan actividades de mantenimiento y/o reparaciones locativas y/o remodelación y/o adecuación y/o ampliación y/o construcción y/o rehabilitación y/o mejoramiento de edificaciones institucionales o empresariales o corporativas o comerciales a la fecha de cierre del proceso de selección cuya sumatoria sea igual o superior al 100% del POE expresado en SMMLV.” No obstante, cuando el proponente pretenda suplir el requisito de aportar la certificación de contrato, deberá remitir copia del contrato y como anexo el acta de liquidación o el acta de recibo final, conforme a lo contemplado en el numeral 11 del punto 4.2.3 de las Reglas de Participación: “11. Se acepta como equivalente a la certificación de cumplimiento de los contratos ejecutados, copia de estos, siempre que se acompañen con la respectiva acta de liquidación, o de recibo final y en ellos conste mínimamente la información requerida en los literales a) al h) del presente numeral”. En ese sentido, es claro que el proponente no aportó la certificación de contrato y tampoco remitió copia del contrato para suplir el requisito.
L31: =SUM(L28:L30) -> 26755.242
L32: CUMPLE
H33: =COUNTIF(#REF!,"Vo.Bo.") -> #REF!
A35: No. | B35: 4 | C35: OFERENTE: | D35: =VLOOKUP(B35,Directorio!$B$4:$O$9,3,FALSE) -> CONSORCIO FONDO NACIONAL | O35: RESULTADO DE LA VERIFICACIÓN DOCUMENTAL | P35: =+L41 -> NO CUMPLE
A36: # | B36: Contratante | C36: % Part Ejecución | D36: Contratista | E36: Objeto | F36: Fecha Finalización | G36: Valor Contrato us$ | H36: TRM (Si aplica) | I36: Actividades | J36: Valor Contrato | K36: SMMLV para Cálculo | L36: Valor Contrato en SMMLV | M36: Inscripción en el RUP | N36: Código UNSPSC | O36: CUMPLE/ NO CUMPLE | P36: Observaciones
A37: 1 | B37: DEPARTAMENTO DE BOLIVAR | D37: CONSORCIO COLEGIOS DEL SUR Conformación (OBRAS MAQUINARIA Y EQUIPOS TRES A S.A.S. - NIT 830.031.936-2 - PARTICIPACIÓN 20%) (MARTINEZ CABALLERO S.A.S - NIT 890.403.530-1 - PARTICIPACIÓN 80%) | E37: CONSTRUCCION DE UN MEGA COLEGIO EN EL MUNICIPIO DE SANTA ROSA DEL SUR EN LA INSTITUTION EDUCATIVA MARIA INMACULADA BAJO LOS PARAMETROS DE LA NTC 4595 DEL ICONTEC PARA AUMENTAR LOS INDICADORES DE COBERTURA EDUCATIVA OFICIAL. | F37: 42062 | I37: Cimentación Desagues e instalaciones subterraneas Estructuras en concreto y metalicas Mamposteria Prefabricados Instalación hidrosanitarias y de gas Instalaciones electricas Pañete Pisos Cubiertas e impermeabilizaciones Carpinteria metalica Enchapes Iluminación Aparatos sanitarios y accesorios Cielo rasos Pintura Cerraduras y vidrios | J37: 11278811555 | K37: =IF(F37>0,VLOOKUP(YEAR(F37),SMMLV!A:B,2,FALSE),0) -> 644350 | M37: 53 | N37: 72101500 72102900 72103300 72151100 72151500 72151900 | O37: NO CUMPLE | P37: Validando los documentos presentados por el oferente se presenta el siguiente resumen. Considerando la información anterior y de conformidad con el numeral 4.2.3. ACREDITACIÓN EXPERIENCIA DEL OFERENTE “12. La experiencia de los socios de una persona jurídica se podrá acumular a la de esta cuando no cuente con más de tres (3) años de constituida. La acreditación de esta experiencia se sujetará a las exigencias en los numerales anteriores. El oferente cuya constitución sea inferior a tres (3) años, podrá acreditar la experiencia solicitada, aportando certificaciones de los socios, accionistas o constituyentes, conforme a lo establecido en el numeral 2.5 del artículo 2.2.1.1.1.5.2 del Decreto 1082 de 2015.”, es preciso señalar que los integrantes del proponente plural “GCI GRUPO DE CONSTRUCCIONES E INGENIERIA SAS ZOMAC” y “GEOESTRUCTURAL E INGENIERIA S.A.S” tienen un periodo de constitución que supera los tres años, de modo que se encuentran por fuera del criterio definido por las reglas de participación y el Decreto 1082 de 2015 para que la experiencia de sus socios sea válida, en consecuencia, la experiencia acreditada no pueden ser tenidas en cuenta para la acreditación de la experiencia en el presente proceso contractual. Ahora, si bien la experiencia que pretende acreditar Industrias y Transportes SAS ZESE - INTRASP S.A.S ZESE por intermedio de su socio cumple, lo cierto es que el proponente plural no acredita la experiencia de todos sus integrantes en los terminos del numeral 8 del acapite 4.2.3 de las Reglas de Participación que indica "en caso de oferentes plurales todos los integrantes deberán aportar experiencia"
A38: 2 | B38: DEPARTAMENTO DE CORDOBA - SECRETARIA DE INFRAESTRUCTURA | D38: CONSORCIO SAN JERONIMO Conformación (KATHLEEN DIAZ HOYOS - PARTICIPACIÓN 40%) (OBRAS MAQUINARIA Y EQUIPOS TRES A S.A.S - NIT 830.031.936-2 - PARTICIPACIÓN 60%) | E38: MEJORAMIENTO DE LAS INSTALACIONES DEL HOSPITAL SAN JERONIMO DE MONTERIA | F38: 43788 | J38: 11352756190 | K38: =IF(F38>0,VLOOKUP(YEAR(F38),SMMLV!A:B,2,FALSE),0) -> 828116 | M38: 143 | N38: 72101500 72102900 72103300 72151900 72152700 81101500 | O38: NO CUMPLE
A39: 3 | B39: FONDO DE BIENESTAR SOCIAL DE LA CONTRALORIA GENERAL DE LA REPUBLICA | D39: CONSORCIO INTERLOMAS 02 Conformación (JUAN CARLOS LEDESMA GUTIERREZ - PARTICIPACIÓN 50%) (OBRAS MAQUINARIA Y EQUIPOS TRES A S.A.S - NIT 830.031.936-2 - PARTICIPACIÓN 50%) | E39: CONTRATAR EL REFORZAMIENTO ESTRUCTURAL Y LA ADECUACION DE LA EDIFICACION DEL COLEGIO PARA HIJOS DE EMPLEADOS DE LA CONTRALORIA GENERAL DE LA REPUBLICA | F39: 42292 | J39: 1211780568 | K39: =IF(F39>0,VLOOKUP(YEAR(F39),SMMLV!A:B,2,FALSE),0) -> 644350 | M39: 136 | N39: 72101500 72102900 72103300 72151100 72151500 72151900 | O39: NO CUMPLE
L40: =SUM(L37:L39) -> 0
L41: NO CUMPLE
A44: No. | B44: 5 | C44: OFERENTE: | D44: =VLOOKUP(B44,Directorio!$B$4:$O$9,3,FALSE) -> UNINGECOL SA | O44: RESULTADO DE LA VERIFICACIÓN DOCUMENTAL | P44: RECHAZADA CAUSAL 1
A45: # | B45: Contratante | C45: % Part Ejecución | D45: Contratista | E45: Objeto | F45: Fecha Finalización | G45: Valor Contrato us$ | H45: TRM (Si aplica) | I45: Actividades | J45: Valor Contrato | K45: SMMLV para Cálculo | L45: Valor Contrato en SMMLV | M45: Inscripción en el RUP | N45: Código UNSPSC | O45: CUMPLE/ NO CUMPLE | P45: Observaciones
A46: 1 | B46: HOSPITAL DEPARTAMENTAL DE VILLAVICENCIO | C46: 0.49 | D46: UNION TEMPORAL MANTENIMIENTO INTEGRAL 2019 Conformación (UNINGECOL S.A - NIT 900.176.059-4 - PARTICIPACIÓN 49%) (CARLOS EDUARDO PULIDO GOMEZ - PARTICIPACIÓN 49%) (PEDRAZA INGENIERIA S.A.S. - NIT 900.546.289-1 - PARTICIPACIÓN 2%) | E46: “SERVICIO DE MANTENIMIENTO PREVENTIVO Y/O CORRECTIVO DE LA INFRAESTRUCTURA HOSPITALARIA INCLUYENDO MANTENIMIENTO A LAS INSTALACIONES ELECTRICAS, HIDRAULICAS, MECANICAS, DE VAPOR Y AREAS ADYACENTES, EQUIPOS DE USO INDUSTRIAL (PLANTAS ELECTRICAS, CALDERAS, BOMBAS DE AGUA, EQUIPOS DE REFRIGERACION, TORRES, ASCENSORES ENTRE OTROS) Y MOBILIARIO PARA USO ADMINISTRATIVO Y ASISTENCIAL DEL HOSPITAL DEPARTAMENTAL DE VILLAVICENCIO E.S.E” | F46: 43830 | I46: Mantenimiento a las instalaciones eléctricas, hidráulicas, mecánicas, de vapor y áreas adyacentes, equipos de uso industrial (plantas eléctricas, calderas, bombas de agua, equipos de refrigeración, torres, ascensores entre otros) y mobiliario para uso administrativo y asistencial. | J46: 2476672784 | K46: =IF(F46>0,VLOOKUP(YEAR(F46),SMMLV!A:B,2,FALSE),0) -> 828116 | M46: 146 | N46: 72 15 11 00 72 15 15 00 72 15 19 00 72 15 21 00 72 15 23 00 72 15 24 00 | O46: NO CUMPLE | P46: % Part Ejecución: El oferente acredita el 49% de participación en la certificación aportada incumpliendo con el numeral 4.2.3. ACREDITACIÓN EXPERIENCIA DEL OFERENTE: “17. Cuando el oferente pretenda acreditar experiencia adquirida a través de la prestación de servicios por medio de uniones temporales o consorcios, deberá presentar el documento idóneo en el que se certifique un porcentaje de participación en la mencionada estructura plural, igual o superior al 50% y el cumplimiento de las funciones asignada. En todo caso, el valor del contrato con el cual se pretenda acreditar la experiencia será de acuerdo con el porcentaje de participación acreditado en dicha estructura plural.”
A47: 2 | B47: UNIVERSIDAD DE LOS LLANOS | C47: 1 | D47: UNINGECOL S.A. | E47: MANTENIMIENTO PREVENTIVO Y/O CORRECTIVO DE LA INFRAESTRUCTURA FÍSICA DE ESPACIOS ACADÉMICOS ADMINISTRATIVOS DE LA UNIVERSIDAD DE LOS LLANOS | F47: 44946 | I47: Pisos Cielorraso Luminarias Cuarto frio de necropsia Baterias sanitarias Carpinteria en aluminio Laboratorio de fisica Cubierta Pintura | J47: 742419025 | K47: =IF(F47>0,VLOOKUP(YEAR(F47),SMMLV!A:B,2,FALSE),0) -> 1160000 | L47: =IF(AND(F47>=$L$6,J47>0),J47/K47*C47,0) -> 640.0164 | M47: 208 | N47: 72 10 15 00 72 10 29 00 72 10 33 00 72 15 11 00 72 15 15 00 72 15 19 00 | O47: CUMPLE | P47: 1. En la certificación presentada se acredita una participación del 100% 2. Cumple con las actividades requeridas en las reglas de participación. 3. Se realiza la verificación y cumple con los seis códigos UNSPSC mínimos requeridos.
A48: 3 | B48: HOSPITAL DEPARTAMENTAL DE VILLAVICENCIO E.S.E. | C48: 1 | D48: UNINGECOL S.A. | E48: CONTRATAR LA EJECUCIÓN DE OBRA PARA LA REPARACIÓN Y MANTENIMIENTO DE LA TORRE DE URGENCIAS DEL HOSPITAL DEPARTAMENTAL DE VILLAVICENCIO | F48: 44886 | I48: Resanes de muro Reforzamiento estructural para red de aires y red contra incendios y cielo Pisos de pasillos y baños Mamposteria y pañetes Desmonte de muros Cubierta Aparatos Sanitarios | J48: 1240045960 | K48: =IF(F48>0,VLOOKUP(YEAR(F48),SMMLV!A:B,2,FALSE),0) -> 1000000 | L48: =IF(AND(F48>=$L$6,J48>0),J48/K48*C48,0) -> 1240.046 | M48: 209 | N48: 72 10 15 00 72 10 29 00 72 10 33 00 72 15 11 00 72 15 15 00 72 15 19 00 | O48: CUMPLE | P48: 1. En la certificación presentada se acredita una participación del 100% 2. Cumple con las actividades requeridas en las reglas de participación. 3. Se realiza la verificación y cumple con los seis códigos UNSPSC mínimos requeridos.
A49: 4 | B49: HOSPITAL DEPARTAMENTAL DE VILLAVICENCIO E.S.E. | C49: 1 | D49: UNINGECOL S.A. | E49: CONTRATAR LA EJECUCIÓN DE OBRAS DE ADECUACIÓN CIVIL Y REMODELACIÓN DEL TERCER PISO DE LA TORRE DE URGENCIAS EN EL HOSPITAL DEPARTAMENTAL DE VILLAVICENCIO E.S.E. | F49: 45256 | J49: 1143859033 | K49: =IF(F49>0,VLOOKUP(YEAR(F49),SMMLV!A:B,2,FALSE),0) -> 1160000 | L49: =IF(AND(F49>=$L$6,J49>0),J49/K49*C49,0) -> 986.08537 | M49: 232 | N49: 72 15 11 00 72 15 15 00 72 15 19 00 72 15 21 00 72 15 23 00 72 15 24 00 | O49: NO CUMPLE | P49: Actividades: Se remite acta de liquidación del contrato No. 1965 de 2023, celebrado entre el hospital departamental de Villavicencio E.S.E y UNINGECOL S.A, Por lo anterior se solicita remitir contrato y acta de terminación de cantidades o documento en el que se pueda verificar las actividades realmente ejecutadas.
L50: =+L46+L47+L48+L49 -> 2866.1477
L51: NO CUMPLE
A54: No. | B54: 6 | C54: OFERENTE: | D54: =VLOOKUP(B54,Directorio!$B$4:$O$9,3,FALSE) -> CONSTRUCCION Y MANTENIMIENTO CASTILLA Y LEON G&G SDAD LTDA | O54: RESULTADO DE LA VERIFICACIÓN DOCUMENTAL | P54: =+L60 -> CUMPLE
A55: # | B55: Contratante | C55: % Part Ejecución | D55: Contratista | E55: Objeto | F55: Fecha Finalización | G55: Valor Contrato us$ | H55: TRM (Si aplica) | I55: Actividades | J55: Valor Contrato | K55: SMMLV para Cálculo | L55: Valor Contrato en SMMLV | M55: Inscripción en el RUP | N55: Código UNSPSC | O55: CUMPLE/ NO CUMPLE | P55: Observaciones
A56: 1 | B56: MINISTERIO DE DEFENSA NACIONAL - EJERCITO NACIONAL - ESMIC - BASPC19 | C56: 1 | D56: CONSTRUCCION Y MANTENIMIENTO CASTILLA Y LEON G&G SDAD LTDA | E56: “El Mantenimiento, adecuación, remodelación y Mejoramiento de las instalaciones de la escuela Militar de cadetes “general José maría Córdova” | F56: 45288 | I56: *Mantenimiento de cubierta (inlcuye desmonte, reinstalación, limpieza, cargue y retiro de tejas, caballetes) *Mantenimiento y reinstalación de luminarias *Instalaciones electricas *Reemplazo de piezas de mamposteria afectada por lesiones físicas y mecánicas *Desagues e instalaciones sanitarias *Estuco y vinilo 3 manos sobre muro interior (incluye estuco, una mano en pintura tipo2, dos manos en pintura tipo 1, filos y dilataciones) | J56: 2749280379 | K56: =IF(F56>0,VLOOKUP(YEAR(F56),SMMLV!A:B,2,FALSE),0) -> 1160000 | L56: =IF(AND(F56>=$L$6,J56>0),J56/K56*C56,0) -> 2370.0693 | M56: 43 | N56: 72 10 15 00 72 10 29 00 72 10 33 00 72 15 15 00 72 15 25 00 72 15 21 00 | O56: CUMPLE | P56: Se valida la infomación en la carpeta Formato 6 - Experiencia minima habilitante y soportes, en su documento 1.Contrato 177 BASPC19 2023. Se toma la fecha de finalización del acta de recibo final En la certificación presentada se acredita una participación del 100% Cumple con las actividades requeridas en las reglas de participación. Se realiza la verificación y cumple con los seis códigos UNSPSC mínimos requeridos
A57: 2 | B57: FONDO RATATORIO DE LA POLICIA NACIONAL | C57: 1 | D57: CONSTRUCCION Y MANTENIMIENTO CASTILLA Y LEON G&G SDAD LTDA | E57: Construcción de la estación de policia del municipio de Chipaque - Departamento de Cundinamarca, por la modalidad de precios unitarios fijos sin formula de reajuste | F57: 42529 | I57: * Instalaciones electricas * Instalaciones hidrosanitarias y de gas *Obras de mamposteria y concreto * Mamposteria y pañetes *Suministro e instalación de manto asfaltico autorpotegido AL-80 con foil de aluminia *Pintura exterior *Cielo raso en panel yeso sistema liviano en seco, acabado en vinilo blanco gyplac o similar. Inlcuye estructura de soporte masilla y tres manos de pintura | J57: 3254189391 | K57: =IF(F57>0,VLOOKUP(YEAR(F57),SMMLV!A:B,2,FALSE),0) -> 689454 | L57: =IF(AND(F57>=$L$6,J57>0),J57/K57*C57,0) -> 4719.9514 | M57: 33 | N57: 72 10 15 00 72 10 29 00 72 10 33 00 72 15 19 00 72 15 11 00 72 15 15 00 | O57: CUMPLE | P57: Se valida la infomación en la carpeta Formato 6 - Experiencia minima habilitante y soportes, en su documento 2.Contrato estacion de policia Chipaque. Se toma la fecha de finalización del acta de liquidación bilateral En la certificación presentada se acredita una participación del 100% Cumple con las actividades requeridas en las reglas de participación. Se realiza la verificación y cumple con los seis códigos UNSPSC mínimos requeridos
A58: 3 | B58: FUERZA AÉREA COLOMBIANA - EQUION ENERGIA LTDA | C58: 1 | D58: CONSTRUCCION Y MANTENIMIENTO CASTILLA Y LEON G&G SDAD LTDA | E58: Obra publica para la construcción del museo aeroespacial y memoria historica en el Parque Jaime Duque | F58: 42747 | I58: *Instalaciones sanitarias *Instalaciones hidraulicas *Instalaciones electricas *Acabados muros - enchapes *Acabado de pisos - impermeabilizaciones | J58: 3172104182 | K58: =IF(F58>0,VLOOKUP(YEAR(F58),SMMLV!A:B,2,FALSE),0) -> 737717 | L58: =IF(AND(F58>=$L$6,J58>0),J58/K58*C58,0) -> 4299.893 | M58: 34 | N58: 72 15 11 00 72 15 15 00 72 15 19 00 72 15 20 00 72 10 15 00 72 10 33 00 | O58: CUMPLE | P58: Se valida la infomación en la carpeta Formato 6 - Experiencia minima habilitante y soportes, en su documento 3. Contrato museo aeroespacial Se toma la fecha de finalizacion del acta del acta de recibo a satisfacción En la certificación presentada se acredita una participación del 100% Cumple con las actividades requeridas en las reglas de participación. Se realiza la verificación y cumple con los seis códigos UNSPSC mínimos requeridos
L59: =SUM(L56:L58) -> 11389.914
L60: CUMPLE
A63: No. | B63: 7 | C63: OFERENTE: | D63: =VLOOKUP(B63,Directorio!$B$4:$O$139,3,FALSE) -> INSOL | O63: RESULTADO DE LA VERIFICACIÓN DOCUMENTAL | P63: =+L69 -> CUMPLE
A64: # | B64: Contratante | C64: % Part Ejecución | D64: Contratista | E64: Objeto | F64: Fecha Finalización | G64: Valor Contrato us$ | H64: TRM (Si aplica) | I64: Actividades | J64: Valor Contrato | K64: SMMLV para Cálculo | L64: Valor Contrato en SMMLV | M64: Inscripción en el RUP | N64: Código UNSPSC | O64: CUMPLE/ NO CUMPLE | P64: Observaciones
A65: 1 | B65: ADMINISTRADORA COLOMBIANA DE PENSIONES COLPENSIONES | C65: 1 | D65: INGENIERIA Y SOLUCIONES INSOL SAS | E65: Prestación del servicio integral de mantenimiento preventivo y correctivo, cada vez que se requiera, incluido el suministro del personal mínimo, materiales, equipos, repuestos y accesorios de los bienes muebles e inmuebles y la infraestructura física instalada en los mismos, donde se ubican las diferentes sedes administrativas, regionales y puntos de atención de la administradora Colombiana de Pensiones – Colpensiones, que conforman su red de oficinas a nivel nacional. | F65: 44428 | I65: mantenimiento del sistema eléctrico, hidráulico, sanitario, pinturas, acabados, cubiertas, cielos rasos, iluminación, cerrajería, mantenimiento del mobiliario | J65: 869302110 | K65: =IF(F65>0,VLOOKUP(YEAR(F65),SMMLV!A:B,2,FALSE),0) -> 908526 | L65: =IF(AND(F65>=$L$6,J65>0),J65/K65*C65,0) -> 956.82689 | M65: 172 | N65: 72 10 15 00 72 10 29 00 72 10 33 00 72 15 11 00 72 15 15 00 72 15 19 00 | O65: CUMPLE | P65: Una vez revisada la información se evidencia el documento: "25. EXPERIENCIA INSOL" donde se observa un contrato para "El servicio integral de mantenimiento preventivo y correctivo, cada vez que se requiera, incluido el suministro del personal mínimo, materiales, equipos, repuestos y accesorios de los bienes muebles e inmuebles y la infraestructura física instalada en los mismos, donde se ubican las diferentes sedes administrativas, regionales y puntos de atención de la administradora Colombiana de Pensiones", suscrito a nombre de INGENIERIA Y SOLUCIONES INSOL SAS. por un valor total de $ 869,302,110 Así las cosas este valor expresado en SMMLV corresponde a 908,526 Una vez revisada la información de la experiencia, se puede evidenciar que en el FORMATO NO. 6 EXPERIENCIA ESPECÍFICA DEL OFERENTE se relaciona el valor del contrato por la suma de $874.101.269, mientras que en el documento de certificación de contrato expedido por COLPENSIONES el 4 de diciembre de 2024 se dispone que el valor del contrato es la suma de $869.302.110, el cual coincide con el valor ejecutado descrito en el acta de liquidación del contrato. En todo caso, el FORMATO No. 6 o 7 es informativo. En caso de inconsistencia en el mismo, prevalecerá la información que repose en las certificaciones de experiencia de los contratos y los documentos que la acompañen para la acreditación de la experiencia solicitada. De tal manera que, al existir una discrepancia entre los valores reportados en el FORMATO NO. 6 EXPERIENCIA ESPECÍFICA DEL OFERENTE y la certificación de experiencia y los documentos que la acompañan (contrato y acta de liquidación), prevalecerá la información de la certificación que contempla como valor del contrato $869.302.110, correspondiente al valor ejecutado reportado en el acta de liquidación del contrato.
A66: 2 | B66: DEPARTAMENTO ADMINISTRATIVO DE LA PRESIDENCIA DE LA REPUBLICA | C66: 0.7 | D66: Consorcio INSOL - BCS ( Insol SAS 70 % y BCS Ingeniería y Proyectos SAS 30%) | E66: El contratista se obliga con la entidad por sus propios medios y con plena autonomía técnica, administrativa a realizar las adecuaciones y reparaciones locativas, incluidos los sistemas de iluminación y las redes eléctricas de voz y datos de la sede del Departamento Administrativo de la Presidencia de la República, de acuerdo con las especificaciones técnicas requeridas | F66: 44834 | I66: Mejoramiento, mantenimiento, adecuación, ampliación y remodelación de instalaciones a través de la ejecución de obras civiles: demoliciones, y ampliación de espacios, construcción de muros, cabados, divisiones y puertas en vidrio, cielo raso, pintura, cortinas, mobiliario, diseño y construcción de adecuación estructural reforzamiento de la estructura de cubierta Mejoramiento, mantenimiento, adecuación, ampliación y remodelación de instalaciones a través de la ejecución de obras civiles: Demoliciones, y ampliación de espacios, construcción de muros, acabados, divisiones y puertas en vidrio, cielo raso, pintura, cortinas, mobiliario, diseño y construcción de adecuación estructural - reforzamiento de la estructura | J66: =7389331582 -> 7389331582 | K66: =IF(F66>0,VLOOKUP(YEAR(F66),SMMLV!A:B,2,FALSE),0) -> 1000000 | L66: =IF(AND(F66>=$L$6,J66>0),J66/K66*C66,0) -> 5172.5321 | M66: 196 | N66: 72 15 25 00 72 15 24 00 72 15 26 00 72 15 30 00 80 10 16 00 81 10 15 00 | O66: CUMPLE | P66: Una vez revisada la información de la experiencia certificada se puede evidenciar que en el FORMATO NO. 6 EXPERIENCIA ESPECÍFICA DEL OFERENTE se relaciona el valor del contrato por la suma de $7,389,331,582, para un consorcio el cual tiene una distribución porcentual de la siguiente manera: Insol SAS con un 70 % y BCS Ingeniería y Proyectos SAS con un 30%, en concordancia con esta certificación el valor correspondiente a la certificación para la empresa Insol SAS es de $5,172,532,107 así mismo se observa la certificación del contrato expedido por el DEPARTAMENTO ADMINISTRATIVO DE LA PRESIDENCIA DE LA REPUBLICA de el 30 de septiembre de 2022 el cual coincide con el valor ejecutado descrito en el acta de liquidación del contrato. En todo caso, el FORMATO No. 6 o 7 es informativo. En caso de inconsistencia en el mismo, prevalecerá la información que repose en las certificaciones de experiencia de los contratos y los documentos que la acompañen para la acreditación de la experiencia solicitada. De tal manera que, al existir una discrepancia entre los valores reportados en el FORMATO NO. 6 EXPERIENCIA ESPECÍFICA DEL OFERENTE y la certificación de experiencia y los documentos que la acompañan (contrato y acta de liquidación), prevalecerá la información de la certificación que contempla como valor del contrato $7,389,331,582, correspondiente al valor ejecutado reportado en el acta de liquidación del contrato.
A67: 3 | K67: =IF(F67>0,VLOOKUP(YEAR(F67),SMMLV!A:B,2,FALSE),0) -> 0 | L67: =IF(AND(F67>=$L$6,J67>0),J67/K67*C67,0) -> 0
L68: =SUM(L65:L67) -> 6129.359
L69: CUMPLE
A72: No. | B72: 8 | C72: OFERENTE: | D72: =VLOOKUP(B72,Directorio!$B$4:$O$13,3,FALSE) -> DIARQCO CONSTRUCTORES S.A.S. | O72: RESULTADO DE LA VERIFICACIÓN DOCUMENTAL | P72: =+L79 -> CUMPLE
A73: # | B73: Contratante | C73: % Part Ejecución | D73: Contratista | E73: Objeto | F73: Fecha Finalización | G73: Valor Contrato us$ | H73: TRM (Si aplica) | I73: Actividades | J73: Valor Contrato | K73: SMMLV para Cálculo | L73: Valor Contrato en SMMLV | M73: Inscripción en el RUP | N73: Código UNSPSC | O73: CUMPLE/ NO CUMPLE | P73: Observaciones
A74: 1 | B74: FISCALIA GENERAL DE LA NACIÓN - SUBDIRECCIÓN REGIONAL DE APOYO CENTRAL | C74: 1 | D74: DIARQCO CONSTRUCTORES SAS | E74: LA FISCALÍA GENERAL DE LA NACIÓN, A TRAVÉS DE LA SUBDIRECCIÓN REGIONAL DE APOYO CENTRAL, REQUIERE REALIZAR EL MANTENIMIENTO DE LAS SEDES PROPIAS UBICADAS EN LA CARRERA NO. 7 21 25/27/31 Y CARRERA 12 NO. 16 - 33 PISO 3 - C.T.I GIRARDOT - CUNDINAMARCA, CARRERA 33 NO. 18 - 33 EDIFICIO MANUEL GAONA CRUZ, CALLE 18A NO. 69B 43 Y CALLE 20 NO. 69B 79 SANTUARIO - BOGOTÁ - CUNDINAMARCA Y CALLE 20 NO. 7 38/44 C.T.I. TUNJA - BOYACÁ. | F74: 45289 | I74: *Elaboración de muro en bloque No 4 *Suministro e instalación de porcelanato 60x60 tipo alfa o similar trafico alto *Instalaciones hidráulicas y sanitarias *Suministro e instalación de totalizador 65 amp *Pintura interior sobre muros (incluye resanes, filos, dilataciones). Vinilo tipo 1, dos manos, ademas de todo el material y herramienta requerida para su correcta ejecucón y funcionamiento *Suministro e instalación manto asfáltico | J74: 2522174999 | K74: =IF(F74>0,VLOOKUP(YEAR(F74),SMMLV!A:B,2,FALSE),0) -> 1160000 | L74: =IF(AND(F74>=$L$6,J74>0),J74/K74*C74,0) -> 2174.2888 | M74: 135 | N74: 72 15 11 00 72 15 15 00 72 15 20 00 72 15 21 00 81 10 15 00 80 10 16 00 | O74: CUMPLE | P74: Se verificó en el documento 2.formato No 6 - Experiencia en la pagina 3 a la 18 En la certificación presentada se acredita una participación del 100% Cumple con las actividades requeridas en las reglas de participación. Se realiza la verificación y cumple con los seis códigos UNSPSC mínimos requeridos.
A75: 2 | B75: ESCUELA SUPERIOR DE ADMINISTRACION PUBLICA - ESAP | C75: 1 | D75: DIARQCO CONSTRUCTORES SAS | E75: ADECUACIÓN DE ESPACIOS FUNCIONALES EN LA SEDE CENTRAL CAN, INCLUIDA LA MANO DE OBRA, LOS MATERIALES, EQUIPAMIENTO Y REPUESTOS NECESARIOS | F75: 44406 | I75: *Suministro e instalación aparato sanitario ahorrador de tanque *Pintura vinilo tipo 1 en muros 3 manos incluye resane *Suministro e instalación bala tipo led 24W (30cm) redonda de inscrustar color blanco *Mantenimiento y adecuación canales, canaletas, vigas canales, soscos para cubiertas existentes *División en super board dos caras piso-techo. | J75: 3437258491 | K75: =IF(F75>0,VLOOKUP(YEAR(F75),SMMLV!A:B,2,FALSE),0) -> 908526 | L75: =IF(AND(F75>=$L$6,J75>0),J75/K75*C75,0) -> 3783.3353 | M75: 109 | N75: 72 15 26 00 72 15 30 00 72 15 32 00 72 15 25 00 80 10 16 00 81 10 15 00 | O75: CUMPLE | P75: Se verificó en el documento 2.formato No 6 - Experiencia en la pagina 19 a la 37 En la certificación presentada se acredita una participación del 100% Cumple con las actividades requeridas en las reglas de participación. Se realiza la verificación y cumple con los seis códigos UNSPSC mínimos requeridos.
A76: 3 | B76: POLICIA NACIONAL DE COLOMBIA - POLICIA METROPOLITANA DE BOGOTA - DIRECCIÓN ADMINISTRATIVA Y FINANCIERA | C76: 1 | D76: DIARQCO CONSTRUCTORES SAS | E76: MANTENIMIENTO PREVENTIVO Y CORRECTIVO Y/O MEJORAS LOCATIVAS DE LAS INSTALACIONES POLICIALES A PRECIOS UNITARIOS FIJOS SIN FÓRMULA DE REAJUSTE - LOTE 3: MANTENIMIENTO PREVENTIVO Y CORRECTIVO Y/O MEJORAS LOCATIVAS DE LAS INSTALACIONES DE LA ESTACIÓN DE POLICÍA SANTAFÉ E-3 DE LA POLICÍA METROPOLITANA DE BOGOTÁ, A PRECIOS UNITARIOS FIJOS SIN FÓRMULA DE REAJUSTE | F76: 44561 | I76: *Mantenimiento de redes hidrosanitarias *Mantenimiento de cubiertas y cielo raso *Mantenimiento redes eléctricas *Mantenimiento y reposición e instalación de estuco y vinilo a 3 manos | J76: 1472343061 | K76: =IF(F76>0,VLOOKUP(YEAR(F76),SMMLV!A:B,2,FALSE),0) -> 908526 | L76: =IF(AND(F76>=$L$6,J76>0),J76/K76*C76,0) -> 1620.5844 | M76: 115 | N76: 72 15 23 00 72 15 24 00 72 15 25 00 72 15 26 00 72 15 30 00 72 15 33 00 | O76: CUMPLE | P76: Se verificó en el documento 2.formato No 6 - Experiencia en la pagina 38 a la 54 En la certificación presentada se acredita una participación del 100% Cumple con las actividades requeridas en las reglas de participación. Se realiza la verificación y cumple con los seis códigos UNSPSC mínimos requeridos.
A77: 4 | B77: SUPERINTENDENCIA DE NOTARIADO Y REGISTRO | C77: 1 | D77: DIARQCO CONSTRUCTORES SAS | E77: CONTRATAR POR EL SISTEMA DE PRECIOS UNITARIOS FIJOS SIN FORMULA DE AJUSTE LAS OBRAS DE MANTENIMIENTO Y ADECUACION DE INMUBLES DONDE FUNCIONAN OFICINAS DE REGISTRO DE INSTRUMENTOS PUBLICOS A NIVEL NACIONAL DIVIDIDA EN AGRUPACIONES. AGRUPACION 5 | F77: 43890 | I77: *Instalaciones electricas *Instalaciones hidrosanitarias *Pintura tipo 1 en vinilo tres mnaos, incluye carteras, resanes de muros y cielo raso *Mantenimiento cielo raso fibra mineral *Mantenimiento cubierta | J77: 838541201 | K77: =IF(F77>0,VLOOKUP(YEAR(F77),SMMLV!A:B,2,FALSE),0) -> 877802 | L77: =IF(AND(F77>=$L$6,J77>0),J77/K77*C77,0) -> 955.27374 | M77: 101 | N77: 72 10 29 00 72 10 15 00 72 10 33 00 72 15 19 00 72 15 11 00 72 15 15 00 | O77: CUMPLE | P77: Se verificó en el documento 2.formato No 6 - Experiencia en la pagina 59 a la 125 Se verificó fecha de finalización y valor del contrato en el Acta de recibo a satisfacción en la pag 66 documento 2.formato No 6 - Experiencia. En la certificación presentada se acredita una participación del 100% Cumple con las actividades requeridas en las reglas de participación. Se realiza la verificación y cumple con los seis códigos UNSPSC mínimos requeridos.
L78: =SUM(L74:L76) -> 7578.2085
L79: CUMPLE
A83: No. | B83: 9 | C83: OFERENTE: | D83: =VLOOKUP(B83,Directorio!$B$4:$O$13,3,FALSE) -> UT AMF-ELATIN | O83: RESULTADO DE LA VERIFICACIÓN DOCUMENTAL | P83: =+L90 -> NO CUMPLE
A84: # | B84: Contratante | C84: % Part Ejecución | D84: Contratista | E84: Objeto | F84: Fecha Finalización | G84: Valor Contrato us$ | H84: TRM (Si aplica) | I84: Actividades | J84: Valor Contrato | K84: SMMLV para Cálculo | L84: Valor Contrato en SMMLV | M84: Inscripción en el RUP | N84: Código UNSPSC | O84: CUMPLE/ NO CUMPLE | P84: Observaciones
A85: 1 | B85: Municipio de Ansermanuevo - Valle del Cauca | C85: 1 | D85: Armando Marulanda Fernandez | E85: Adecuación Polideportivo Municipio Ansermanueva - Valle del Cauca | F85: 42357 | I85: Redes hidráulicas, redes eléctricas y cubierta. | J85: 593359935 | K85: =IF(F85>0,VLOOKUP(YEAR(F85),SMMLV!A:B,2,FALSE),0) -> 644350 | L85: =IF(AND(F85>=$L$6,J85>0),J85/K85*C85,0) -> 920.86589 | M85: 28 | N85: 72101500 72102900 72103300 72151100 72151900 72152000 | O85: CUMPLE | P85: Que en el certificado no indica fecha de finalización del contrato sino vencimiento de contrato, la cual es el 19-12-2015. En el certificado de obra pagina 3 y 4 en las actividades registradas son REDES HIDRAULICAS, REDES ELECTRICAS Y CUBIERTA. Por otra parte, en el formato No.6 mencionado en la pag 1 no indica el porcentaje de participación, pero en el Anexo RUPs Indicadores_1 pag 91 se menciona que tuvo participación del 100%.
A86: 2 | B86: GOBERNACIÓN DE RISARALDA | C86: 0.5 | D86: CONSORCIO M&B | E86: Ampliación de planta física de la sede principal del Instituto Mistrató del Municipio Mistrató del Departamento de Risaralda. Grupo 5 | F86: 43137 | I86: Estructuras o Redes hidráulicas, Redes eléctricas, Baterías sanitarias, sistemas livianos de construcción, acabo de pinturas, cielo raso, cubierta, escaleras, estructuras metálicas, carpinteria metálica, certificación RETIE, plataforma discapacitados. | J86: =1686974304 -> 1686974304 | K86: =IF(F86>0,VLOOKUP(YEAR(F86),SMMLV!A:B,2,FALSE),0) -> 781242 | L86: =IF(AND(F86>=$L$6,J86>0),J86/K86*C86,0) -> 1079.6746 | M86: 46 | N86: 72101500 72102900 72103300 72151500 72151900 72152000 | O86: CUMPLE | P86: Se aclara que la participación es de Armando Marulanda Fernandez que corresponde a uno de los consorciados con una participación del 50% Se verifica el formato No.6 Experiencia en la pag 1 se evidencia el valor del contrato ejecutado a la terminación (SMMLV) con 2.286,74 pues fue tomado con la fecha de inicio del contrato. Cabe mencionar que en el anexo RUP Indicadores_1 en la pag 153 el valor contrato en SMMLV es de 2.286,74 el mismo que esta en la certificación. Sin embargo, en las reglas de participación indica que se debe tomar con la fecha de finalización del contrato y el número descrito (SMMLV) es acorde al 50% de la participación del contrato.
A87: 3 | B87: Instituto del deporte, la Educación Físcia y la Recreación del Valle del Cauca - INDERVALLE | C87: 0.5 | D87: CONSORCIO INFRAESTRUCTURA DEPORTIVA DEL VALLE | E87: EJECUTAR BAJO LA MODALIDAD DE PRECIOS UNITARIOS FIJOS LAS OBRAS DE ADECUACIÓN EN ESCENARIOS DEPORTIVOS DE LOS SIGUIENTES MUNICIPIOS DEL DEPARTAMENTO DEL VALLE DEL CAUCA: GRUPO 2: ADECUACIÓN CANCHA SINTÉTICA RECREATIVA CALLE 21 CARRERA 3 BARRIO CENTENARIO - MUNICIPIO ANDALUCÍA. ADECUACIÓN ESCENARIO DEPORTIVO CORREGIMIENTO EL OVERO CON CANCHA MÚLTIPLE - MUNICIPIO DE BUGALAGRANDE. ADECUACIÓN GIMNASIO BIOSALUDABLE PARQUE PRINCIPAL CORREGIMIENTO EL NARANJAL - MUNICIPIO DE BOLÍVAR, ADECUACIÓN ESCENARIO DEPORTIVO BARRIO PRADOS DEL NORTE CON BIOSALUDABLE - MUNICIPIO DE LA UNIÓN. ADECUACIÓN ESCENARIO DEPORTIVO CORREGIMIENTO EL PALMAR - GUAYABA! CON PARQUE RECREATIVO -MUNICIPIO DE ROLDANILLO. ADECUACIÓN ESCENARIO DEPORTIVO CORREGIMIENTO ROBLEDO CON BIOSALUDABLE -MUNICIPIO DE TRUJILLO. ADECUACIÓN ESCENARIO DEPORTIVO BARRIO PROVIVIENDA CON PARQUE PRIMERA INFANCIA - MUNICIPIO EL DOVIO. ADECUACIÓN ESCENARIO DEPORTIVO PARQUE EL CARMEN CON BIOSALUDABLE -MUNICIPIO EL DOVIO. ADECUACIÓN GIMNASIO BIOSALUDABLE POLIDEPORTIVO EL SURCO - MUNICIPIO DE CALCEDONIA VALLE DEL CAUCA. ADECUACIÓN GIMNASIO BIOSALUDABLE MUNICIPIO DE SEVILLA - VALLE DEL CAUCA | F87: 43577 | I87: Parques biosaludables, adecuaciones de pisos en concreto, mejoramiento de suelos, REDES ELÉCTRICAS. | J87: 1831698130 | K87: =IF(F87>0,VLOOKUP(YEAR(F87),SMMLV!A:B,2,FALSE),0) -> 828116 | L87: =IF(AND(F87>=$L$6,J87>0),J87/K87*C87,0) -> 1105.943 | M87: 59 | N87: 72101500 72102900 72103300 72151500 72151900 72152000 | O87: CUMPLE | P87: Se aclara que la participación es de Armando Marulanda Fernandez que corresponde a uno de los consorciados con una participación del 50% Se verifica el formato No.6 Experiencia en la pag 1 se evidencia el valor del contrato ejecutado a la terminación (SMMLV) con 2.212,49 pues fue tomado con la fecha de inicio del contrato. Cabe mencionar que en el anexo RUP Indicadores_1 en la pag 216 el valor contrato en SMMLV es de 2.212,49 el mismo que esta en la certificación. Sin embargo, en las reglas de participación indica que se debe tomar con la fecha de finalización del contrato y el número descrito (SMMLV) es acorde al 50% de la participación del contrato.
A88: 4 | B88: MUNICIPIO DE DOSQUEBRADAS - RISARALDA | C88: 1 | D88: ELATIN SAS | E88: MEJORAMIENTO MANTENIMIENTO Y AMPLIACIÓN DEL SISTEMA DE CIRCUITO CERRADO DE TELEVISIÓN CCTV Y DEL SISTEMA INTEGRADO DE EMERGENCIAS SIES 123, OPERADO Y MONITOREADO POR LA POLICÍA NACIONAL DEL MUNICIPIO DE DOSQUEBRADAS PARA EL MEJORAMIENTO DE LAS CONDICIONES DE CONVIVENCIA Y SEGURIDAD CIUDADANA | F88: 45290 | I88: Mantenimiento preventivo y correctivo para el sistema circuito cerrado de televisión CCTV | J88: 2000000000 | K88: =IF(F88>0,VLOOKUP(YEAR(F88),SMMLV!A:B,2,FALSE),0) -> 1160000 | L88: NO CUMPLE | M88: 116 | N88: 72101500 72102900 72103300 72151500 72151900 72152000 | O88: NO CUMPLE | P88: De acuerdo con la certificación adjunta se deja constancia que la misma no cumple con la experiencia general descrito en la experiencia general 4.2.2.1 ya que no se puede evidencia que la actividad haya sida ejecutada en EDIFICACIONES INSTITUCIONALES O EMPRESARIALES O CORPORATIVAS O COMERCIALES.
L89: =SUM(L85:L88) -> 3106.4835
L90: NO CUMPLE
A94: No. | B94: 10 | C94: OFERENTE: | D94: =VLOOKUP(B94,Directorio!$B$4:$O$13,3,FALSE) -> LIMACOR MY S.A.S. | O94: RESULTADO DE LA VERIFICACIÓN DOCUMENTAL | P94: =+L100 -> CUMPLE
A95: # | B95: Contratante | C95: % Part Ejecución | D95: Contratista | E95: Objeto | F95: Fecha Finalización | G95: Valor Contrato us$ | H95: TRM (Si aplica) | I95: Actividades | J95: Valor Contrato | K95: SMMLV para Cálculo | L95: Valor Contrato en SMMLV | M95: Inscripción en el RUP | N95: Código UNSPSC | O95: CUMPLE/ NO CUMPLE | P95: Observaciones
A96: 1 | B96: BASE AÉREA BRIGADIER GENERAL ARTURO LEMA POSADA COMANDO AEREO DE COMBATE NO. 5 | C96: 1 | D96: LIMACOR MY S.A.S. | E96: MANTENIMIENTO PREVENTIVO, CORRECTIVO, MEJORATIVO Y ADQUISICIÓN DE EQUIPOS PARA LAS INSTALACIONES AERONAUTICAS Y NO AERONAUTICAS DEL CACOM-5 | F96: 45278 | I96: Desmonte de cubierta, desmonte de canal de aguas lluvias en lámina galvanizada, acabados de muros, pintura (suministro e instalación de vinilo tipo 1), mantenimiento y adecuación de cercha metálica, instalaciones eléctricas, entre otros. | J96: 1700014917 | K96: =IF(F96>0,VLOOKUP(YEAR(F96),SMMLV!A:B,2,FALSE),0) -> 1160000 | L96: =IF(AND(F96>=$L$6,J96>0),J96/K96*C96,0) -> 1465.5301 | M96: 122 | N96: 72 10 15 00 72 10 29 00 72 10 33 00 72 15 11 00 72 15 15 00 72 15 19 00 | O96: CUMPLE | P96: Una vez revisada la información se evidencia el documento: "CONSECUTIVO 122 CERTIFICACION - CACOM 5 OBRA" y "CONSECUTIVO 122 ACTA DE LIQUIDACION- CACOM 5 OBRA". donde se observa un contrato para "el MANTENIMIENTO PREVENTIVO, CORRECTIVO, MEJORATIVO Y ADQUISICIÓN DE EQUIPOS PARA LAS INSTALACIONES AERONAUTICAS Y NO AERONAUTICAS DEL CACOM-5", suscrito a nombre de LIMACOR MY S.A.S. por un valor total de $1,700,014,917 Así las cosas este valor expresado en SMMLV corresponde a 1,465,53. Asimismo la evaluación de los documentos remitidos junto con el RUP fue equivalente, evidenciada en la página 522.
A97: 2 | B97: ESCUELA DE SUBOFICIALES Y NIVEL EJECUTIVO GONZALO JIMENEZ DE QUESADA | C97: 1 | D97: LIMACOR MY S.A.S. | E97: EL MANTENIMIENTO PREVENTIVO Y CORRECTIVO DE LAS INSTALACIONES ADSCRITAS A LAS UNIDADES POLICIALES QUE HACEN PARTE DEL COMPLEJO ESJIM CON EJECUCIÓN POR TRACTO SUCESIVO, A PRECIOS UNITARIOS FIJOS SIN FÓRMULA DE REAJUSTE | F97: 45333 | I97: Mantenimiento de redes hidrosanitarias, mantenimiento muros y mamposteria, mantenimiento de redes eléctricas, mantenimiento de acabados de pintura, mantenimiento de cubiertas y cielo rasos, mantenimiento de redes hidrosanitarias. | J97: 3015440000 | K97: =IF(F97>0,VLOOKUP(YEAR(F97),SMMLV!A:B,2,FALSE),0) -> 1300000 | L97: =IF(AND(F97>=$L$6,J97>0),J97/K97*C97,0) -> 2319.5692 | M97: 128 | N97: 72 15 25 00 72 15 24 00 72 15 26 00 72 15 30 00 80 10 16 00 81 10 15 00 | O97: CUMPLE | P97: Una vez revisada la información se evidencia el documento: "CONSECUTIVO 128 CERTIFICACION - ESJIM OBRA" y "CONSECUTIVO 128 RECIBO A SATISFACCION Y CANTIDADES - ESJIM OBRA". donde se observa un contrato para "EL MANTENIMIENTO PREVENTIVO Y CORRECTIVO DE LAS INSTALACIONES ADSCRITAS A LAS UNIDADES POLICIALES QUE HACEN PARTE DEL COMPLEJO ESJIM CON EJECUCIÓN POR TRACTO SUCESIVO, A PRECIOS UNITARIOS FIJOS SIN FÓRMULA DE REAJUSTE", suscrito a nombre de LIMACOR MY S.A.S. por un valor total de $3,015,440,000 Así las cosas este valor expresado en SMMLV corresponde a 2,319,57 Asimismo la evaluación de los documentos remitidos junto con el RUP fue equivalente, evidenciada en la página 562.
A98: 3 | B98: RAMA JUDICIAL - DIRECCION EJECUTIVA DE ADMINISTRACIÓN JUDICIAL | C98: 1 | D98: LIMACOR MY S.A.S. | E98: REALIZAR ADECUACIONES INTEGRALES EN EL EDIFICIO CALLE 72 | F98: 45448 | I98: Retiro de impermeabilización manto asfaltico de cubierta, construcción liviana en seco, estuco y pintura (pintura de muros y techos vinilo y pintura esmalte lámina llena, instalaciones eléctricas, instalaciones sanitarias, entre otros. | J98: 2648164989 | K98: =IF(F98>0,VLOOKUP(YEAR(F98),SMMLV!A:B,2,FALSE),0) -> 1300000 | L98: =IF(AND(F98>=$L$6,J98>0),J98/K98*C98,0) -> 2037.05 | M98: 132 | N98: 72101500 72152300 72152400 72153000 72153200 72103300 | O98: CUMPLE | P98: Una vez revisada la información se evidencia el documento: "CONSECUTIVO 132 ACTA DE ENTREGA Y RECIBO CON CANTIDADES - RAMA OBRA" y "CONSECUTIVO 132 CERTIFICACIÓN - RAMA OBRA". donde se observa un contrato para "REALIZAR ADECUACIONES INTEGRALES EN EL EDIFICIO CALLE 72" suscrito a nombre de LIMACOR MY S.A.S. por un valor total de $2,648,164,989 Así las cosas este valor expresado en SMMLV corresponde a 2037,05 Asimismo la evaluación de los documentos remitidos junto con el RUP fue equivalente, evidenciada en la página 589.
L99: =SUM(L96:L98) -> 5822.1493
L100: CUMPLE

Sheet UNSPSC
A1: Exp. Proponente'!A1
A2: Clasificación UNSPSC | B2: Segmento | C2: Familia | D2: Clase
A3: 72101500 | B3: Servicios de edificación, construcción de instalaciones y mantenimiento | C3: Servicios de mantenimiento y reparaciones de construcciones e instalaciones | D3: Servicios de apoyo para la construcción
A4: 72102900 | B4: Servicios de edificación, construcción de instalaciones y mantenimiento | C4: Servicios de mantenimiento y reparaciones de construcciones e instalaciones | D4: Servicios de mantenimiento y reparación de instalaciones
A5: 72103300 | B5: Servicios de edificación, construcción de instalaciones y mantenimiento | C5: Servicios de mantenimiento y reparaciones de construcciones e instalaciones | D5: Servicios de mantenimiento y reparación de infraestructura
A6: 72151100 | B6: Servicios de edificación, construcción de instalaciones y mantenimiento | C6: Servicio de mantenimiento y construcción de comercio especializado | D6: Servicios de construcción de plomería
A7: 72151500 | B7: Servicios de edificación, construcción de instalaciones y mantenimiento | C7: Servicios de mantenimiento y construcción de comercio especializado | D7: Servicios de sistemas eléctricos
A8: 72151900 | B8: Servicios de edificación, construcción de instalaciones y mantenimiento | C8: Servicios de mantenimiento y construcción de comercio especializado | D8: Servicios de albañilería y mampostería
A9: 72152000 | B9: Servicios de edificación, construcción de instalaciones y mantenimiento | C9: Servicios de mantenimiento y construcción de comercio especializado | D9: Servicios de pañetado y drywall
A10: 72152100 | B10: Servicios de edificación, construcción de instalaciones y mantenimiento | C10: Servicios de mantenimiento y construcción de comercio especializado | D10: Servicios acústicos y de aislamiento
A11: 72152300 | B11: Servicios de edificación, construcción de instalaciones y mantenimiento | C11: Servicios de mantenimiento y construcción de comercio especializado | D11: Servicios de carpintería
A12: 72152400 | B12: Servicios de edificación, construcción de instalaciones y mantenimiento | C12: Servicios de mantenimiento y construcción de comercio especializado | D12: Servicio de montaje e instalación de ventanas y puertas
A13: 72152500 | B13: Servicios de edificación, construcción de instalaciones y mantenimiento | C13: Servicios de mantenimiento y construcción de comercio especializado | D13: Servicio de instalación de pisos
A14: 72152600 | B14: Servicios de edificación, construcción de instalaciones y mantenimiento | C14: Servicios de mantenimiento y construcción de comercio especializado | D14: Servicios de techado y paredes externas y láminas de metal
... A21: 81101500 | B21: Servicios basados en ingeniería, investigación y tecnología | C21: Servicios profesionales de ingeniería y arquitectura | D21: Ingeniería civil y arquitectura

Sheet Req Técnicos
B1: 1 | C1: =VLOOKUP(B1,Directorio!$B$4:$O$9,3,FALSE) -> CONSORCIO OMNIA | E1: =1+B1 -> 2 | F1: =VLOOKUP(E1,Directorio!$B$4:$O$9,3,FALSE) -> INGEBYP SAS - FNA | H1: 3 | I1: =VLOOKUP(H1,Directorio!$B$4:$O$9,3,FALSE) -> CONSORCIO 2024 FNA | K1: 4 | L1: =VLOOKUP(K1,Directorio!$B$4:$O$9,3,FALSE) -> CONSORCIO FONDO NACIONAL | N1: 5 | O1: =VLOOKUP(N1,Directorio!$B$4:$O$9,3,FALSE) -> UNINGECOL SA | Q1: 6 | R1: =VLOOKUP(Q1,Directorio!$B$4:$O$9,3,FALSE) -> CONSTRUCCION Y MANTENIMIENTO CASTILLA Y LEON G&G SDAD LTDA | T1: 7 | U1: =VLOOKUP(T1,Directorio!$B$4:$O$13,3,FALSE) -> INSOL | W1: 8 | X1: =VLOOKUP(W1,Directorio!$B$4:$O$13,3,FALSE) -> DIARQCO CONSTRUCTORES S.A.S. | Z1: 9 | AA1: =VLOOKUP(Z1,Directorio!$B$4:$O$13,3,FALSE) -> UT AMF-ELATIN | AC1: 10 | AD1: =VLOOKUP(AC1,Directorio!$B$4:$O$13,3,FALSE) -> LIMACOR MY S.A.S.
B2: =VLOOKUP(B1,Directorio!$B$4:$O$9,13,FALSE) -> 0.34 | E2: =VLOOKUP(E1,Directorio!$B$4:$O$9,13,FALSE) -> 0 | H2: =VLOOKUP(H1,Directorio!$B$4:$O$9,13,FALSE) -> 0 | K2: =VLOOKUP(K1,Directorio!$B$4:$O$9,13,FALSE) -> 0.1 | N2: =VLOOKUP(N1,Directorio!$B$4:$O$9,13,FALSE) -> 0 | Q2: =VLOOKUP(Q1,Directorio!$B$4:$O$9,13,FALSE) -> 0 | T2: =VLOOKUP(T1,Directorio!$B$4:$O$13,13,FALSE) -> 0 | W2: =VLOOKUP(W1,Directorio!$B$4:$O$13,13,FALSE) -> 0 | Z2: =VLOOKUP(Z1,Directorio!$B$4:$O$13,13,FALSE) -> 0 | AC2: =VLOOKUP(AC1,Directorio!$B$4:$O$13,13,FALSE) -> 0
A5: DOCUMENTO | B5: SI | C5: NO | D5: OBSERVACIONES | E5: SI | F5: NO | G5: OBSERVACIONES | H5: SI | I5: NO | J5: OBSERVACIONES | K5: SI | L5: NO | M5: OBSERVACIONES | N5: SI | O5: NO | P5: OBSERVACIONES | Q5: SI | R5: NO | S5: OBSERVACIONES | T5: SI | U5: NO | V5: OBSERVACIONES | W5: SI | X5: NO | Y5: OBSERVACIONES | Z5: SI | AA5: NO | AB5: OBSERVACIONES | AC5: SI | AD5: NO | AE5: OBSERVACIONES
A6: REQUISITOS HABILITANTES
A7: 4.2.1. MANIFESTACIÓN DE ACEPTACIÓN DE REQUERIMIENTOS MÍNIMOS OBLIGATORIOS Y PERSONAL MÍNIMO.
A8: El proponente deberá manifestar mediante la suscripción por el Representante Legal del FORMATO No. 13 - MANIFESTACIÓN DE ACEPTACIÓN ASPECTOS TECNICOS Y PERSONAL MÍNIMO, que entiende, acepta y cumple cada uno de los requerimientos técnicos mínimos obligatorios exigidos en el presente pliego, así como los respectivos anexos adjuntos en el presente proceso, los cuales han sido dados a conocer, sin perjuicio de que en la ejecución del contrato se acuerden entre las partes requerimientos técnicos adicionales a los establecidos en el proceso de selección. | B8: x | D8: APORTA EL FORMATO EN EL ARCHIVO N°29 (ACEPTACIÓN ANEXOS TÉCNICOS Y PERSONAL MINIMO) | E8: x | G8: SE APORTÓ EN EL FORMATO N°13 | I8: X | J8: No se aportó documento diligenciado ni firmado por parte de quien presenta la oferta. Solo se adjuntó el borrador del formato en word sin diligenciar. | K8: X | M8: SE APORTÁ EL FORMATO No 13 (MANIFESTACION DE ACEPTACION ANEXOS TÉCNICOS Y PERSONAL MINIMO REQUERIDO). | N8: X | P8: SE APORTÁ EL FORMATO No 13 (MANIFESTACION DE ACEPTACION ANEXOS TÉCNICOS Y PERSONAL MINIMO REQUERIDO). | Q8: X | S8: SE APORTÁ EL FORMATO No 13 (MANIFESTACION DE ACEPTACION ANEXOS TÉCNICOS Y PERSONAL MINIMO REQUERIDO). | T8: X | V8: APORTA EL FORMATO EN EL ARCHIVO N°19 (ACEPTACIÓN TÉCNICOS) | W8: X | Y8: SE APORTÁ EL FORMATO No 13 (MANIFESTACION DE ACEPTACION ANEXOS TÉCNICOS Y PERSONAL MINIMO REQUERIDO). | Z8: X | AB8: SE APORTA EL DOCUMENTO NOMBRADO FORMATO 13 ACEPTACION | AC8: X | AE8: SE APORTA EL DOCUMENTO NOMBRADO DF FORMATO 13 (MANIFESTACION DE ACEPTACION ANEXOS TÉCNICOS Y PERSONAL MINIMO REQUERIDO).
B9: 1 | D9: CUMPLE | E9: 2 | G9: CUMPLE | H9: 3 | J9: NO CUMPLE | K9: =+K1 -> 4 | M9: CUMPLE | N9: =+N1 -> 5 | P9: CUMPLE | Q9: =+Q1 -> 6 | S9: CUMPLE | T9: =+T1 -> 7 | V9: CUMPLE | W9: =+W1 -> 8 | Y9: CUMPLE | Z9: =+Z1 -> 9 | AB9: CUMPLE | AC9: =+AC1 -> 10 | AE9: CUMPLE

Sheet Conclusión Habilitantes
A2: =General!E1 -> FONDO NACIONAL DEL AHORRO
A3: INFORME DE VERIFICACIÓN DE REQUISITOS DE CARÁCTER TÉCNICO FINAL
A4: =General!B1 -> FNA-VGHA-CP-015-2024
A6: =General!B2 -> REALIZAR LAS REPARACIONES LOCATIVAS DE LA INFRAESTRUCTURA FÍSICA DE LA SEDE PRINCIPAL - CNA DEL FONDO NACIONAL DEL AHORRO S.A. | N6: º
A8: Como producto de la verificación de los Requisitos Técnicos, a la fecha del presente Informe el resultado es el siguiente:
A12: INGRID LORENA MENESES GELVEZ | D12: JOSE RICARDO VALDERRAMA ESPITIA | F12: EDGAR ENRIQUE ESPITIA GOMEZ
A13: Revisión Técnica | D13: Revisión Técnica | F13: Revisión Técnica
F14: #VALUE!
A15: LAURA CRISTINA GARCIA LEDESMA | D15: ANA SOFIA GALLO TORO | F15: PEDRO JOSÉ PALACIO PARDO
A16: Revisión Técnica | D16: Revisión Técnica | F16: Revisión Técnica
A21: DIEGO FERNANDO NUÑEZ ALDANA
A22: Revisión Técnica
